 Dungeon Crawl Stone Soup version 0.31-a0-1405-g2bb1a01664 (webtiles) character file.

Game seed: 7910395522579278253

168 Loonster the Trooper (level 5, -4/33 HPs)
             Began as a Gargoyle Shapeshifter on Dec 25, 2023.
             Slain by a gnoll
             ... wielding a +0 flail
             ... led by a gnoll bouda
              (9 damage)
             ... on level 4 of the Dungeon.
             The game lasted 00:03:24 (2826 turns).

Loonster the Trooper (Gargoyle Shapeshifter)        Turns: 2826, Time: 00:03:24

Health: -4/33      AC: 18    Str: 19    XL:     5   Next: 49%
Magic:  5/5        EV:  5    Int: 11    God:
Gold:   150        SH:  0    Dex:  9    Spells: 4/4 levels left

rFire   . .          .
                       - Unarmed
rCold   . . .        (no shield)
rNeg    + . .        p - +0 plate armour
rPois   ∞            (helmet currently unavailable)
rElec   +            (cloak currently unavailable)
rCorr   .            (gloves currently unavailable)
SInv    +            (boots currently unavailable)
Will    .....        j - amulet of magic regeneration Stlth
                     k - +4 ring of protection
HPRegen 0.25/turn    q - ring of see invisible
MPRegen 0.49/turn

%: no passive effects
@: beast-form
A: beast (slay +2), sickness immunity, AC +4, negative energy resistance 1,
electricity resistance, torment resistance 1, petrification resistance
a: Begin Untransformation


You were on level 4 of the Dungeon.
You were a hulking beast.
You visited 1 branch of the dungeon, and saw 4 of its levels.

You collected 150 gold pieces.

Inventory:

Armour
 a - a +0 animal skin
 p - a +0 plate armour (worn)
 s - a +1 hat
Jewellery
 g - a ring of magical power
 j - an amulet of magic regeneration (around neck)
 k - a +4 ring of protection (left hand)
 q - a ring of see invisible (right hand)
 u - a ring of protection from cold
Talismans
 c - a beast talisman
 d - a flux talisman
 o - a blade talisman
Wands
 w - a wand of mindburst (12)
Scrolls
 f - 5 scrolls of identify {unknown}
 i - a scroll of acquirement
 m - a scroll of teleportation {unknown}
 r - a scroll of amnesia {unknown}
Potions
 b - a potion of lignification
 e - a potion of attraction {unknown}
 n - a potion of degeneration {unknown}
 t - a potion of heal wounds {unknown}
 v - a potion of might {unknown}


   Skills:
 - Level 3.7 Fighting
 - Level 1.5 Dodging
 + Level 3.6 Unarmed Combat
 - Level 3.5 Shapeshifting


You had 4 spell levels left.
You didn't know any spells.
Your spell library contained the following spells:

 Spells                   Type           Power      Damage    Failure   Level
 Magic Dart               Conj           0%         1d3       100%        1
 Searing Ray              Conj           0%         2d4       100%        2
 Dazzling Flash           Conj/Hex       0%         N/A       100%        3
 Fugue of the Fallen      Necr           0%         N/A       100%        3
 Ozocubu's Armour         Ice            0%         N/A       100%        3
 Volatile Blastmotes      Fire/Tloc      0%         2d10      100%        3
 Fulminant Prism          Conj/Alch      0%         3d5       100%        4
 Manifold Assault         Tloc           0%         N/A       100%        4
 Starburst                Conj/Fire      0%         6d3       100%        6
 Maxwell's Capacitive Co  Air            0%         ∞         100%        8


Dungeon Overview and Level Annotations

Branches:
Dungeon (4/15)
 Temple: D:4-7

Altars:
Cheibriados
Hepliaklqana
Makhleb
Okawaru
Ru
Uskayaw
Zin


Innate Abilities, Weirdness & Mutations

You are a hulking beast.
Your limbs bulge with bestial killing power. (Slay +2)
You are immune to sickness and miasma.
Your stone body is resilient. (AC +4)
You are immune to poison.
You resist negative energy. (rN+)
You are resistant to electric shocks. (rElec)
You are resistant to unholy torment.
You are immune to petrification.


Message History

The endoplasm hits you but does no damage.
The kobold hits you but does no damage. The gnoll hits you but does no damage.
The gnoll bouda attacks as it pursues you!
The gnoll bouda barely misses you. The kobold hits you with a +0 whip.
The gnoll is no longer moving quickly. x2; The gnoll attacks as it pursues you!
The gnoll hits you but does no damage.
The gnoll bouda gazes fiercely through you!
You feel your attacks grow feeble.
A gnoll comes into view. It is wielding a +0 halberd.
The gnoll shouts!
You hear a shout!
You hear an angry hiss. 2 gnolls come into view.
The gnoll shouts! x2
The gnoll attacks as it pursues you! The gnoll hits you but does no damage.
A ball python comes into view.
The gnoll bouda barks out a call to the hunt!
The gnolls pick up the pace!
The gnoll barely misses you.
As you read the scroll labelled VURAMY VADATA, it crumbles to dust.
It is a scroll of brand weapon.
You aren't carrying any weapons that can be branded.
The ball python hisses angrily.
The gnoll is no longer moving quickly.
The gnoll hits you from afar with a +0 spear.
A quokka comes into view.
The gnoll hits you with a +0 flail.
* * * LOW HITPOINT WARNING * * *
The gnoll hits you but does no damage.
The gnoll hits you from afar with a +0 spear.
* * * LOW HITPOINT WARNING * * *
The gnoll barely misses you.
This is a scroll of acquirement!
As you read the scroll labelled EPRIHIO LOGAET, it crumbles to dust.
It is a scroll of enchant weapon.
You aren't carrying any weapons that can be enchanted.
Your attacks no longer feel as feeble.
The gnoll hits you with a +0 flail.
* * * LOW HITPOINT WARNING * * *
The gnoll hits you with a +0 flail!
You die...

.......<..........
#..........#.♣.♣.#.#
#........#.........#
#.........)...####
#...........)##
#.....(...#..#
.......g.#..#####
.###..gK.g........
#S.hg##...####.
#....#.##.#.#
###...g##...#
...g...###.#
#.#.##..# .# ..r..
#... . #...## #.#.#
## .... #...#


You could see a gnoll bouda, 5 gnolls, a quokka, a ball python and a kobold.

Vanquished Creatures
  An orc wizard (D:3)
  A gnoll (D:4)
  6 adders
  3 worms (D:2)
  2 dart slugs
  3 orcs (D:3)
  4 ball pythons
  6 endoplasms
  3 giant cockroaches
  5 goblins
  4 hobgoblins
  A jackal (D:2)
  4 quokkas (D:2)
  7 bats
  5 frilled lizards
  4 kobolds
  5 rats
64 creatures vanquished.

Notes
Turn   | Place    | Note
-------+----------+-------------------------------------------
     0 | D:1      | Loonster the Gargoyle Shapeshifter began the quest for the
                  | Orb.
     0 | D:1      | Reached XP level 1. HP: 12/12 MP: 1/1
   169 | D:1      | Reached XP level 2. HP: 5/17 MP: 2/2
   317 | D:1      | Found a faded altar of an unknown god.
  1031 | D:2      | Reached XP level 3. HP: 10/23 MP: 3/3
  1208 | D:2      | You fall into a shaft and drop 1 floor!
  1449 | D:2      | Reached XP level 4. HP: 21/29 MP: 4/4
  2349 | D:3      | Reached XP level 5. HP: 33/33 MP: 5/5
  2540 | D:3      | Found a glowing silver altar of Zin.
  2564 | D:3      | Found a hazy altar of Hepliaklqana.
  2565 | D:3      | Found a hide-covered altar of Uskayaw.
  2567 | D:3      | Found a sacrificial altar of Ru.
  2568 | D:3      | Found a burning altar of Makhleb.
  2569 | D:3      | Found a snail-covered altar of Cheibriados.
  2797 | D:4      | Found an iron altar of Okawaru.
  2826 | D:4      | Identified a scroll of acquirement
  2826 | D:4      | Slain by a gnoll

Illustrated notes

Levels and vault maps discovered:
D:1:      scummos_arrival_simple_fountains, layout_loops_ring,
          shapermc_ecumenical_altar_flowoftime
D:2:      minmay_spotlight, layout_basic
D:3:      layout_basic, minitemple
D:4:      layout_rooms, okawaru_trees_1, ebering_ghost_sewer_f, uniq_edmund

Skill      XL: |  1  2  3  4 |
---------------+-------------+-----
Fighting       | 2 3 |  3.7
Shapeshifting  | 3 |  3.5
Dodging        | |  1.5
Unarmed Combat | |  3.6

Action                     |  1- 3 |  4- 6 || total
---------------------------+-------+-------++-------
  Melee: Unarmed           |   133 |   127 ||   260
         Punch             |     7 |       ||     7
    Use: Scroll            |       |     2 ||     2
 Armour: Animal skin       |    57 |    34 ||    91
         Plate armour      |       |    99 ||    99
  Dodge: Dodged            |    52 |    71 ||   123

Table legend: (Time is in decaauts)
 A = Elapsed time spent in this place.
 B = Non-inter-level travel time spent in this place.
 C = Inter-level travel time spent in this place.
 D = Time resting spent in this place.
 E = Time spent auto-exploring this place.
 F = Levels seen in this place.
 G = Mean time per level.
                   A        B        C        D        E       F      G
               +--------+--------+--------+--------+--------+-----+--------+
         Total |   2809 |   2734 |     75 |     98 |   2081 |   4 |  702.2 |
       Dungeon |   2809 |   2734 |     75 |     98 |   2081 |   4 |  702.2 |
               +--------+--------+--------+--------+--------+-----+--------+

Top non-repeatable levels by time:
     D:1: 1005 daAuts
     D:2: 956 daAuts
     D:3: 818 daAuts
     D:4: 29 daAuts
